TOP OF THE 1ST |
El Paso Texans batting - Pitching for Montgomery Grey Sox : RHP Octávio Durán
|
Pitching: RHP Octávio Durán
|
|
Batting: LHB Mark Spencer
|
0-0: Bunt for hit - play at first, batter safe!
|
Batting: RHB Cole Boehmer
|
0-0: Called Strike 0-1: Ball 1-1: Ball 2-1: Fly out, F8 (Line Drive, 8LD)
|
Batting: SHB Richie Gallegos
|
0-0: Called Strike 0-1: Ball 1-1: SINGLE (Line Drive, 4D) Mark Spencer to second Runner from 2nd tries for 3rd, SAFE, no throw
|
Batting: RHB Domingo Morales
|
0-0: Ball 1-0: Ball 2-0: Ball 3-0: Base on Balls Richie Gallegos to second
|
Batting: SHB António Cervantes
|
0-0: Ball 1-0: Foul Ball, location: 2F 1-1: Ball 2-1: Grounds into double play, 4-6-3 (Groundball, 4)
|
Top of the 1st over - 0 runs, 2 hits, 0 errors, 2 left on base; El Paso 0 - Montgomery 0 |
BOTTOM OF THE 1ST |
Montgomery Grey Sox batting - Pitching for El Paso Texans : RHP Mike Church
|
Pitching: RHP Mike Church
|
|
Batting: RHB Julius Farmer
|
0-0: Ground out 6-3 (Groundball, 6)
|
Batting: LHB Jorge Garza
|
0-0: Hit by Pitch
|
Batting: RHB Andrew Lewis
|
0-0: Ball 1-0: Ball 2-0: Ball 3-0: Called Strike 3-1: Base on Balls Jorge Garza to second
|
Batting: RHB Pedro Castro
|
0-0: Ball 1-0: SINGLE (Line Drive, 78S) Jorge Garza to third Andrew Lewis to second Runner from 3rd tries for Home, SAFE, no throw
|
Batting: RHB Randall James
|
0-0: Ball 1-0: Called Strike 1-1: Called Strike 1-2: Foul Ball, location: 2F 1-2: Ball 2-2: Strikes out swinging
|
Batting: RHB Andrés Jiménez
|
0-0: Ball 1-0: Foul Ball, location: 2F 1-1: Called Strike 1-2: Ball 2-2: Strikes out looking
|
Bottom of the 1st over - 1 run, 1 hit, 0 errors, 2 left on base; El Paso 0 - Montgomery 1 |
TOP OF THE 2ND |
El Paso Texans batting - Pitching for Montgomery Grey Sox : RHP Octávio Durán
|
Batting: SHB Oliver Riley
|
0-0: Ground out U3 (Groundball, 34S)
|
Batting: LHB John Fitzgerald
|
0-0: Foul Ball, location: 2F 0-1: Foul Ball, location: 2F 0-2: Foul Ball, location: 2F 0-2: Ball 1-2: Ball 2-2: Ball 3-2: Hit by Pitch
|
Batting: LHB Dave Tucker
|
0-0: Called Strike 0-1: Ball 1-1: Swinging Strike 1-2: Strikes out looking
|
Batting: SHB Miguel Hurtado
|
0-0: Swinging Strike 0-1: Ball 1-1: Swinging Strike 1-2: SINGLE (Groundball, 5S) (infield hit) John Fitzgerald to second
|
Batting: LHB Mark Spencer
|
0-0: Ball 1-0: Ball 2-0: Ground out U3 (Groundball, 34S)
|
Top of the 2nd over - 0 runs, 1 hit, 0 errors, 2 left on base; El Paso 0 - Montgomery 1 |
BOTTOM OF THE 2ND |
Montgomery Grey Sox batting - Pitching for El Paso Texans : RHP Mike Church
|
Batting: RHB Joaquín Medina
|
0-0: Ball 1-0: Called Strike 1-1: Foul Ball, location: 2F 1-2: Foul Ball, location: 2F 1-2: Ball 2-2: Ball 3-2: Foul Ball, location: 2F 3-2: Foul Ball, location: 2F 3-2: Ground out 5-3 (Groundball, 5)
|
Batting: RHB Jorge Romero
|
0-0: Called Strike 0-1: Ball 1-1: Foul Ball, location: 2F 1-2: Ball 2-2: Fly out, F9 (Flyball, 9LS)
|
Batting: RHB Ramón López
|
0-0: Called Strike 0-1: Called Strike 0-2: Ball 1-2: Strikes out looking
|
Bottom of the 2nd over - 0 runs, 0 hits, 0 errors, 0 left on base; El Paso 0 - Montgomery 1 |
TOP OF THE 3RD |
El Paso Texans batting - Pitching for Montgomery Grey Sox : RHP Octávio Durán
|
Batting: RHB Cole Boehmer
|
0-0: Swinging Strike 0-1: Ball 1-1: Foul Ball, location: 2F 1-2: Ball 2-2: Ball 3-2: Foul Ball, location: 2F 3-2: Foul Ball, location: 2F 3-2: Fly out, F5 (Line Drive, 56D)
|
Batting: SHB Richie Gallegos
|
0-0: Ground out U3 (Groundball, 3)
|
Batting: RHB Domingo Morales
|
0-0: Ball 1-0: Called Strike 1-1: Ground out 6-3 (Groundball, 6)
|
Top of the 3rd over - 0 runs, 0 hits, 0 errors, 0 left on base; El Paso 0 - Montgomery 1 |
BOTTOM OF THE 3RD |
Montgomery Grey Sox batting - Pitching for El Paso Texans : RHP Mike Church
|
Batting: RHB Julius Farmer
|
0-0: Called Strike 0-1: Called Strike 0-2: Ball 1-2: SINGLE (Flyball, 89S)
|
Pitching: RHP Mark Thompson
|
|
Batting: LHB Jorge Garza
|
0-0: Ball Julius Farmer steals 2nd base 1-0: Ball 2-0: Ball 3-0: Called Strike 3-1: Swinging Strike 3-2: Fly out, F9 (Flyball, 9) Runner from 2nd tags up, SAFE at 3rd with throw
|
Batting: RHB Andrew Lewis
|
0-0: Called Strike 0-1: Foul Ball, location: 2F 0-2: Ball 1-2: Strikes out swinging
|
Batting: RHB Pedro Castro
|
0-0: Ground out 6-3 (Groundball, 6)
|
Bottom of the 3rd over - 0 runs, 1 hit, 0 errors, 1 left on base; El Paso 0 - Montgomery 1 |
TOP OF THE 4TH |
El Paso Texans batting - Pitching for Montgomery Grey Sox : RHP Octávio Durán
|
Batting: SHB António Cervantes
|
0-0: Ball 1-0: Swinging Strike 1-1: Swinging Strike 1-2: Foul Ball, location: 2F 1-2: Strikes out looking
|
Batting: SHB Oliver Riley
|
0-0: Ground out 4-3 (Groundball, 4)
|
Batting: LHB John Fitzgerald
|
0-0: Ball 1-0: Ball 2-0: Ground out 6-3 (Groundball, 6M)
|
Top of the 4th over - 0 runs, 0 hits, 0 errors, 0 left on base; El Paso 0 - Montgomery 1 |
BOTTOM OF THE 4TH |
Montgomery Grey Sox batting - Pitching for El Paso Texans : RHP Mark Thompson
|
Batting: RHB Randall James
|
0-0: Foul Ball, location: 2F 0-1: Swinging Strike 0-2: Foul Ball, location: 2F 0-2: Ball 1-2: Ball 2-2: Fly out, F8 (Flyball, 8RD)
|
Batting: RHB Andrés Jiménez
|
0-0: Ground out U3 (Groundball, 3)
|
Batting: RHB Joaquín Medina
|
0-0: Called Strike 0-1: Ground out U3 (Groundball, 34S)
|
Bottom of the 4th over - 0 runs, 0 hits, 0 errors, 0 left on base; El Paso 0 - Montgomery 1 |
TOP OF THE 5TH |
El Paso Texans batting - Pitching for Montgomery Grey Sox : RHP Octávio Durán
|
Batting: LHB Dave Tucker
|
0-0: Swinging Strike 0-1: Fly out, F7 (Flyball, 7LSF)
|
Batting: SHB Miguel Hurtado
|
0-0: Ball 1-0: Ball 2-0: Ball 3-0: Called Strike 3-1: Fly out, F7 (Flyball, 78D)
|
Batting: LHB Mark Spencer
|
0-0: Swinging Strike 0-1: Ball 1-1: Foul Ball, location: 2F 1-2: Ball 2-2: Fly out, F9 (Flyball, 9)
|
Top of the 5th over - 0 runs, 0 hits, 0 errors, 0 left on base; El Paso 0 - Montgomery 1 |
BOTTOM OF THE 5TH |
Montgomery Grey Sox batting - Pitching for El Paso Texans : RHP Mark Thompson
|
Batting: RHB Jorge Romero
|
0-0: Called Strike 0-1: Ball 1-1: Called Strike 1-2: Ball 2-2: Ball 3-2: Strikes out swinging
|
Batting: RHB Ramón López
|
0-0: Called Strike 0-1: Called Strike 0-2: Foul Ball, location: 2F 0-2: Foul Ball, location: 2F 0-2: Strikes out swinging
|
Batting: RHB Julius Farmer
|
0-0: Swinging Strike 0-1: Foul Ball, location: 2F 0-2: Ball 1-2: Fly out, F8 (Flyball, 8RD)
|
Bottom of the 5th over - 0 runs, 0 hits, 0 errors, 0 left on base; El Paso 0 - Montgomery 1 |
TOP OF THE 6TH |
El Paso Texans batting - Pitching for Montgomery Grey Sox : RHP Octávio Durán
|
Batting: RHB Cole Boehmer
|
0-0: Ball 1-0: SOLO HOME RUN (Line Drive, 78XD), Distance : 418 ft
|
Batting: SHB Richie Gallegos
|
0-0: Called Strike 0-1: Foul Ball, location: 2F 0-2: Strikes out swinging
|
Batting: RHB Domingo Morales
|
0-0: Called Strike 0-1: Ball 1-1: Called Strike 1-2: Strikes out looking
|
Batting: SHB António Cervantes
|
0-0: Ball 1-0: Ball 2-0: Called Strike 2-1: Foul Ball, location: 2F 2-2: Strikes out swinging
|
Top of the 6th over - 1 run, 1 hit, 0 errors, 0 left on base; El Paso 1 - Montgomery 1 |
BOTTOM OF THE 6TH |
Montgomery Grey Sox batting - Pitching for El Paso Texans : RHP Mark Thompson
|
Batting: LHB Jorge Garza
|
0-0: Ground out 6-3 (Groundball, 6)
|
Batting: RHB Andrew Lewis
|
0-0: Ball 1-0: Ball 2-0: Called Strike 2-1: Called Strike 2-2: Ball 3-2: Base on Balls
|
Batting: RHB Pedro Castro
|
0-0: Ball 1-0: Foul Ball, location: 2F 1-1: SINGLE (Groundball, 4MD) Andrew Lewis to second
|
Batting: RHB Randall James
|
0-0: Ball 1-0: Ball 2-0: Ball 3-0: Base on Balls Andrew Lewis to third Pedro Castro to second
|
Batting: RHB Andrés Jiménez
|
0-0: Ball 1-0: Called Strike 1-1: Foul Ball, location: 2F 1-2: Ball 2-2: Ball 3-2: Ground out 3-1 (Groundball, 34S) Andrew Lewis scores Pedro Castro to third Randall James to second
|
Pitching: RHP Manny Alaniz
|
|
Batting: RHB Joaquín Medina
|
0-0: Ball 1-0: Ground out 5-3 (Groundball, 56S)
|
Bottom of the 6th over - 1 run, 1 hit, 0 errors, 2 left on base; El Paso 1 - Montgomery 2 |
TOP OF THE 7TH |
El Paso Texans batting - Pitching for Montgomery Grey Sox : RHP Octávio Durán
|
Pitching: RHP Carlos Delgado
|
|
Batting: SHB Oliver Riley
|
0-0: Foul Ball, location: 2F 0-1: SINGLE (Groundball, 4D)
|
Pitching: RHP Jorge Cherena
|
|
Batting: LHB John Fitzgerald
|
0-0: Ball 1-0: SINGLE (Groundball, 4) (infield hit) Oliver Riley to second
|
Batting: LHB Dave Tucker
|
0-0: Ball 1-0: Ball 2-0: Ball 3-0: Called Strike 3-1: Called Strike 3-2: Ground out 3-1 (Groundball, 34S) Oliver Riley to third John Fitzgerald to second
|
Pinch Hitting: LHB Cipriano Rangel
|
0-0: Ball 1-0: Ground out 6-3 (Groundball, 6)
|
Batting: LHB Mark Spencer
|
0-0: Ball 1-0: SINGLE (Groundball, 34D) Oliver Riley scores John Fitzgerald to third Runner from 3rd tries for Home, SAFE, no throw
|
Batting: RHB Cole Boehmer
|
0-0: Ball 1-0: Ball 2-0: Called Strike 2-1: Fly out, F4 (Popup, 4M)
|
Top of the 7th over - 2 runs, 3 hits, 0 errors, 1 left on base; El Paso 3 - Montgomery 2 |
BOTTOM OF THE 7TH |
Montgomery Grey Sox batting - Pitching for El Paso Texans : RHP Manny Alaniz
|
Now at SS: Cipriano Rangel
|
|
Batting: RHB Jorge Romero
|
0-0: Called Strike 0-1: Ball 1-1: Ball 2-1: Ball 3-1: Foul Ball, location: 2F 3-2: Foul Ball, location: 2F 3-2: Strikes out swinging
|
Batting: RHB Ramón López
|
0-0: Swinging Strike 0-1: Called Strike 0-2: Strikes out swinging
|
Batting: RHB Julius Farmer
|
0-0: Called Strike 0-1: Ball 1-1: Foul Ball, location: 2F 1-2: Foul Ball, location: 2F 1-2: Ball 2-2: Ball 3-2: Foul Ball, location: 2F 3-2: Strikes out swinging
|
Bottom of the 7th over - 0 runs, 0 hits, 0 errors, 0 left on base; El Paso 3 - Montgomery 2 |
TOP OF THE 8TH |
El Paso Texans batting - Pitching for Montgomery Grey Sox : RHP Jorge Cherena
|
Pitching: RHP Johannes Hunsberger
|
|
Batting: SHB Richie Gallegos
|
0-0: Ball 1-0: SOLO HOME RUN (Flyball, 7D), Distance : 405 ft
|
Batting: RHB Domingo Morales
|
0-0: Called Strike 0-1: Ball 1-1: Ground out 5-3 (Groundball, 56)
|
Batting: SHB António Cervantes
|
0-0: Ball 1-0: SINGLE (Groundball, 4MD)
|
Batting: SHB Oliver Riley
|
0-0: Ball 1-0: Ball 2-0: Foul Ball, location: 2F 2-1: Called Strike 2-2: Ball 3-2: Foul Ball, location: 2F 3-2: DOUBLE (Line Drive, 8RXD) António Cervantes to third
|
Batting: LHB John Fitzgerald
|
0-0: Ball 1-0: Fly out, F8 (Flyball, 8RD) Runner from 3rd tags up, SCORES, throw made
|
Pitching: RHP Joe Jackson
|
|
Batting: LHB Dave Tucker
|
0-0: Ball 1-0: Ball 2-0: Called Strike 2-1: Foul Ball, location: 2F 2-2: Strikes out swinging
|
Top of the 8th over - 2 runs, 3 hits, 0 errors, 1 left on base; El Paso 5 - Montgomery 2 |
BOTTOM OF THE 8TH |
Montgomery Grey Sox batting - Pitching for El Paso Texans : RHP Manny Alaniz
|
Batting: LHB Jorge Garza
|
0-0: Ball 1-0: Ball 2-0: Swinging Strike 2-1: Ball 3-1: Called Strike 3-2: Base on Balls
|
Batting: RHB Andrew Lewis
|
0-0: Called Strike 0-1: Ball 1-1: Ball 2-1: Foul Ball, location: 2F 2-2: Strikes out swinging
|
Batting: RHB Pedro Castro
|
0-0: Ball 1-0: Ball 2-0: Fly out, F6 (Popup, 56D)
|
Batting: RHB Randall James
|
0-0: Ball 1-0: Called Strike 1-1: Ball 2-1: Fly out, F9 (Flyball, 9LM)
|
Bottom of the 8th over - 0 runs, 0 hits, 0 errors, 1 left on base; El Paso 5 - Montgomery 2 |
TOP OF THE 9TH |
El Paso Texans batting - Pitching for Montgomery Grey Sox : RHP Joe Jackson
|
Batting: LHB Cipriano Rangel
|
0-0: Ball 1-0: Foul Ball, location: 2F 1-1: Ball 2-1: Ball 3-1: Base on Balls
|
Batting: LHB Mark Spencer
|
0-0: Sac Bunt - play at first, batter OUT! 3-4 Cipriano Rangel to second
|
Batting: RHB Cole Boehmer
|
0-0: Fly out, F8 (Line Drive, 8RXD) Runner from 2nd tags up, SAFE at 3rd, no throw
|
Batting: SHB Richie Gallegos
|
0-0: Ball 1-0: Ball 2-0: Fly out, F7 (Flyball, 7LM)
|
Top of the 9th over - 0 runs, 0 hits, 0 errors, 1 left on base; El Paso 5 - Montgomery 2 |
BOTTOM OF THE 9TH |
Montgomery Grey Sox batting - Pitching for El Paso Texans : RHP Manny Alaniz
|
Batting: RHB Andrés Jiménez
|
0-0: Foul Ball, location: 2F 0-1: Foul Ball, location: 2F 0-2: Foul Ball, location: 2F 0-2: Foul Ball, location: 2F 0-2: Fly out, F7 (Flyball, 7LM)
|
Batting: RHB Joaquín Medina
|
0-0: Called Strike 0-1: Ball 1-1: Ball 2-1: Ground out 4-3 (Groundball, 4)
|
Batting: RHB Jorge Romero
|
0-0: Called Strike 0-1: Called Strike 0-2: Ball 1-2: Strikes out swinging
|
Bottom of the 9th over - 0 runs, 0 hits, 0 errors, 0 left on base; El Paso 5 - Montgomery 2 |
|